 Dungeon Crawl Stone Soup version 0.31-a0-702-gf82c85558f (webtiles) character file.

Game seed: 8196149480111723816

196 qw the Shooter (level 5, -3/32 HPs)
             Began as a Gargoyle Hunter on Sept 7, 2023.
             Slain by Eustachio
             ... wielding a +0 rapier
              (7 damage)
             ... on level 4 of the Dungeon.
             The game lasted 00:00:53 (2357 turns).

qw the Shooter (Gargoyle Hunter)                    Turns: 2357, Time: 00:00:54

Health: -3/32      AC: 15    Str: 14    XL:     5   Next: 74%
Magic:  5/5        EV: 11    Int: 10    God:
Gold:   114        SH:  0    Dex: 15    Spells: 4/4 levels left

rFire   . . .        Y - +0 shortbow
rCold   . . .        (shield currently unavailable)
rNeg    + . .        k - +0 ring mail
rPois   inf          d - +0 helmet
rElec   +            (no cloak)
rCorr   .            j - +0 pair of gloves
SInv    .            (no boots)
Will    .....        (no amulet)
Stlth   +            f - +4 ring of protection
HPRegen 0.25/turn    (no ring)
MPRegen 0.09/turn

%: no passive effects
@: about to teleport
A: sickness immunity, AC +4, negative energy resistance 1, electricity
resistance, torment resistance 1, petrification resistance
a: no special abilities


You were on level 4 of the Dungeon.
You visited 1 branch of the dungeon, and saw 4 of its levels.

You collected 114 gold pieces.


Innate Abilities, Weirdness & Mutations

You are immune to sickness and miasma.
Your stone body is resilient. (AC +4)
You are immune to poison.
You resist negative energy. (rN+)
You are resistant to electric shocks. (rElec)
You are resistant to unholy torment.
You are immune to petrification.


   Skills:
 - Level 3.2 Fighting
 + Level 5.6 Ranged Weapons
 - Level 3.0 Armour
 - Level 1.5 Dodging
 - Level 1.1 Stealth


You had 4 spell levels left.
You didn't know any spells.
Your spell library was empty.

Inventory:

Hand Weapons
 Y - a +0 shortbow (weapon)
Armour
 a - the +3 ring mail "Siummix" {Harm rElec rPois Slay-2}
   (You acquired it on level 2 of the Dungeon)

   Slay-2:    It affects your accuracy & damage with ranged weapons and melee
   (-2).
   rElec:     It insulates you from electricity.
   rPois:     It protects you from poison Harm: It increases damage dealt and
   taken.
 d - a +0 helmet (worn)
 j - a +0 pair of gloves (worn)
 k - a +0 ring mail (worn)
Jewellery
 f - a +4 ring of protection (left hand)
Scrolls
 b - a scroll of teleportation
Potions
 g - a potion of lignification {unknown}
 h - a potion of might {unknown}
 i - a potion of curing {unknown}

Dungeon Overview and Level Annotations

Branches:
Dungeon (4/15)
 Temple: D:4-7

Altars:
Elyvilon

Shops:
D:2 (

Annotations:
D:4 Eustachio


Message History

You shoot an arrow. The arrow misses Eustachio.
The river rat barely misses you.
The quasit bites you but does no damage.
The quasit barely misses you.
The quasit claws you but does no damage.
Eustachio completely misses you. The river rat closely misses you.
2354 |||
Found retreat position at 1,0 (river rat; floor) with 0 blocking monsters and 2 monsters attacking at destination at distance 1 You shoot an arrow.
The arrow hits Eustachio.
Eustachio is almost dead.
The quasit closely misses you.
The quasit claws you but does no damage.
The quasit misses you. Eustachio barely misses you.
The river rat bites you but does no damage.
The quasit barely misses you.
The quasit claws you but does no damage. x2
2355 |||
Found retreat position at 1,0 (river rat; floor) with 0 blocking monsters and 2 monsters attacking at destination at distance 1 You shoot an arrow.
The arrow hits Eustachio but does no damage.
Eustachio is almost dead.
The quasit closely misses you. The quasit claws you.
The quasit claws you but does no damage.
Eustachio hits you with a +0 rapier. The river rat barely misses you.
2356 |||
Found retreat position at 1,0 (river rat; floor) with 0 blocking monsters and 2 monsters attacking at destination at distance 1
2356 ||| READING 2 scrolls of teleportation.
As you read the scroll of teleportation, it crumbles to dust.
You feel strangely unstable. The quasit bites you.
The quasit claws you but does no damage. x2
Eustachio hits you with a +0 rapier. The river rat closely misses you.
The quasit closely misses you. The quasit barely misses you.
The quasit claws you but does no damage.
2357 |||
Found retreat position at 1,0 (river rat; floor) with 0 blocking monsters and 2 monsters attacking at destination at distance 1 You shoot an arrow.
The arrow closely misses Eustachio.
Eustachio misses you.
The river rat bites you but does no damage.
The quasit barely misses you.
The quasit claws you but does no damage.
The quasit misses you. Eustachio hits you with a +0 rapier!
You die...
Eustachio says, "Such is the fate of all honourless rascals."

##########.
#@@rbb.....
#5#######..
#5# #.# #.#
#.# #)# #.#
#.#


You could see Eustachio, a quasit (summoned), a river rat (summoned), an
ufetubus (summoned) and 2 bats.

Vanquished Creatures
  An ogre (D:4)
  3 adders
  A gnoll (D:2)
  A worm (D:3)
  4 dart slugs
  An orc (D:3)
  4 ball pythons
  8 bats
  7 endoplasms
  3 giant cockroaches
  4 hobgoblins
  4 jackals
  3 quokkas
  A frilled lizard (D:3)
  8 goblins
  3 kobolds
  5 rats
61 creatures vanquished.

Notes
Turn   | Place    | Note
-------+----------+-------------------------------------------
     0 | D:1      | qw the Gargoyle Hunter began the quest for the Orb.
     0 | D:1      | Reached XP level 1. HP: 12/12 MP: 1/1
     0 | D:1      | 0 ||| qw: Version: 0.3-a-76-g4403597
     0 | D:1      | 0 ||| qw: Game counter: 869
     0 | D:1      | 0 ||| qw: Melee chars always use a shield: true
     0 | D:1      | 0 ||| qw: God list: Okawaru
     0 | D:1      | 0 ||| qw: Allow faded altars: false
     0 | D:1      | 0 ||| qw: Do Orc after clearing Dungeon:15 true
     0 | D:1      | 0 ||| qw: Do second Lair branch before Depths: true
     0 | D:1      | 0 ||| qw: Lair rune preference: random
     0 | D:1      | 0 ||| qw: Goals: Normal
     0 | D:1      | 0 ||| PLANNING D:1-11
    36 | D:1      | HP: 3/12 [frozen (4)]
   171 | D:1      | Reached XP level 2. HP: 17/17 MP: 2/2
   303 | D:1      | Found a faded altar of an unknown god.
   714 | D:1      | 714 ||| UPGRADING to +4 ring of protection.
   715 | D:1      | 715 ||| READING scroll labelled HOENADACUTH.
   716 | D:1      | 716 ||| READING scroll labelled KONEXI ETUT.
   717 | D:1      | 717 ||| DRINKING 2 ruby potions.
   727 | D:1      | 727 ||| DROPPING scroll of butterflies.
   728 | D:1      | 728 ||| DROPPING potion of ambrosia.
   834 | D:2      | Reached XP level 3. HP: 21/21 MP: 3/3
   864 | D:2      | Reached skill level 5 in Ranged Weapons
  1018 | D:2      | Found Anazatuv's Antique Weapon Shop.
  1049 | D:2      | Reached skill level 3 in Fighting
  1051 | D:2      | Reached XP level 4. HP: 28/28 MP: 4/4
  1571 | D:2      | 1571 ||| UPGRADING to +0 helmet.
  1576 | D:2      | 1576 ||| READING scroll labelled ADDACK ITAPN.
  1576 | D:2      | Identified a scroll of acquirement
  1576 | D:2      | 1576 ||| ACQUIRING +3 ring mail "Siummix" {Harm rElec rPois
                  | Slay-2}
  1576 | D:2      | Acquired the +3 ring mail "Siummix" {Harm rElec rPois
                  | Slay-2}
  1578 | D:2      | 1578 ||| READING 2 scrolls labelled MINEZE WIMNIS.
  1582 | D:2      | 1582 ||| READING scroll labelled HUDID GONO.
  2134 | D:3      | Found a white marble altar of Elyvilon.
  2233 | D:3      | 2233 ||| UPGRADING to +0 pair of gloves.
  2238 | D:3      | 2238 ||| UPGRADING to +0 ring mail.
  2248 | D:3      | 2248 ||| DROPPING +0 leather armour.
  2249 | D:3      | 2249 ||| READING scroll labelled QISKUE NUHORR.
  2302 | D:4      | Noticed Eustachio
  2304 | D:4      | Noticed an ogre
  2321 | D:4      | Killed an ogre
  2322 | D:4      | Reached skill level 3 in Armour
  2322 | D:4      | Reached XP level 5. HP: 32/32 MP: 5/5
  2349 | D:4      | 2349 ||| FLEEEEING.
  2355 | D:4      | HP: 7/32 [Eustachio/+0 rapier (3)]
  2356 | D:4      | 2356 ||| READING 2 scrolls of teleportation.
  2357 | D:4      | Slain by Eustachio

Levels and vault maps discovered:
D:1:      dpeg_arrival_boxorama, layout_loops_ring,
          hellmonk_ecumenical_altar_heavens_door
D:2:      layout_basic, serial_shops, shop, cheibrodos_gnoll_hut
D:3:      layout_basic, mainiacjoe_overflow_cross_hatched, minmay_fountain_box
D:4:      old_forge, layout_basic, grunt_temple_overflow_growth_and_decay,
          mainiacjoe_overflow_tiny_flanked, uniq_duvessa, uniq_pikel,
          uniq_eustachio

Skill      XL: |  1  2  3  4 |
---------------+-------------+-----
Ranged Weapons | 5 |  5.6
Fighting       | 3 |  3.2
Armour         | 3 |  3.0
Dodging        | |  1.5
Stealth        | |  1.1

Action                     |  1- 3 |  4- 6 || total
---------------------------+-------+-------++-------
   Fire: Shortbow          |    82 |   134 ||   216
    Use: Scroll            |     2 |     5 ||     7
         Potion            |     1 |       ||     1
 Armour: Leather armour    |    13 |    27 ||    40
         Ring mail         |       |    64 ||    64
  Dodge: Dodged            |     7 |    71 ||    78

Table legend:
 A = Non-vault XP
 B = Vault XP
 C = Vault XP percentage of total XP
 D = Non-vault monster count
 E = Vault monster count
 F = Vault count percentage of total count
                 A         B        C        D         E       F
            +---------+---------+-------+---------+---------+-------
      Total |     263 |      17 |   6.1 |      58 |       3 |   4.9
            +---------+---------+-------+---------+---------+-------
        D:1 |      33 |       0 |   0.0 |      20 |       0 |   0.0
        D:2 |      63 |      17 |  21.2 |      20 |       3 |  13.0
        D:3 |      43 |       0 |   0.0 |      16 |       0 |   0.0
        D:4 |     124 |       0 |   0.0 |       2 |       0 |   0.0
            +---------+---------+-------+---------+---------+-------
